 Dungeon Crawl Stone Soup version 0.29-a0-82-g837932c90e (webtiles) character file.

Game seed: 8956319369279599229

84 testman the Ruffian (level 4, -2/27 (38) HPs)
             Began as a Draconian Transmuter on Feb 4, 2022.
             Slain by Terence (10 damage)
             ... on level 2 of the Dungeon.
             The game lasted 00:04:41 (2495 turns).

testman the Ruffian (Draconian Transmuter)          Turns: 2495, Time: 00:04:41

HP:   -2/27 (38)    AC:  5    Str: 12    XL:     4   Next: 23%
MP:   7/7           EV: 12    Int: 16    God:
Gold: 28            SH:  0    Dex: 11    Spells: 4/7 levels left

rFire   . . .      SeeInvis .     - Unarmed
rCold   . . .      Faith    .   (no shield)
rNeg    . . .      Spirit   .   (armour unavailable)
rPois   .          Reflect  .   (helmet currently unavailable)
rElec   .          Harm     .   (no cloak)
rCorr   .          Rampage  .   (no gloves)
Will    .....                   (boots currently unavailable)
Stlth   +.........              (no amulet)
HPRegen 0.09/turn               (no ring)
MPRegen 0.10/turn               (no ring)

@: appendages, very heavily drained
A: horns 2, talons 2, AC +5, unfitting armour, cold-blooded
a: End Transformation


You were on level 2 of the Dungeon.
You had temporarily grown beastly horns and talons.
You visited 1 branch of the dungeon, and saw 2 of its levels.

You collected 28 gold pieces.

Inventory:

Missiles
 b - 24 stones
 g - 3 poisoned darts
Jewellery
 c - an amulet of faith
Scrolls
 d - a scroll of blinking {unknown}
 e - a scroll of summoning {unknown}
 f - a scroll of enchant weapon {unknown}
Potions
 a - a potion of haste {unknown}
 h - a potion of flight {unknown}


   Skills:
 + Level 3.2 Fighting
 - Level 1.7 Dodging
 + Level 4.2 Unarmed Combat
 - Level 2.0 Spellcasting
 - Level 2.0 Transmutations


You had 4 spell levels left.
You knew the following spells:

 Your Spells              Type           Power      Damage    Failure   Level
a - Beastly Appendage     Tmut           16%        N/A       9%          1
b - Wereblood             Tmut           8%         N/A       14%         2

Your spell library contained the following spells:

 Spells                   Type           Power      Damage    Failure   Level
 Corpse Rot               Necr/Air       2%         N/A       30%         2
 Poisonous Vapours        Pois/Air       2%         N/A       30%         2
 Spider Form              Tmut/Pois      4%         N/A       38%         3
 Ice Form                 Ice/Tmut       4%         N/A       80%         4


Dungeon Overview and Level Annotations

Branches:
Dungeon (2/15)

Altars:

Annotations:
D:2 Terence


Innate Abilities, Weirdness & Mutations

You have temporarily grown beastly horns and talons.
Your plain brown scales are hard. (AC +5)
You cannot fit into any form of body armour.
You are cold-blooded and may be slowed by cold attacks.


Message History

You climb upwards.
There is a stone staircase leading down here.
You start resting.
HP restored.
Casting: Beastly Appendage (safe; 9% risk of failure)
Press: ? - help, Q - select action, (/) - cycle Dir - look around, f - activate You grow a pair of large bovine horns.
Your feet morph into talons.
You climb downwards.
Level annotation: Terence Terence hits you with a +4 short sword of draining.
You feel drained.
Terence hits you with a +4 short sword of draining.
You feel drained.
There is a stone staircase leading up, spattered with blood here.
You barely miss Terence. Your kick misses Terence. Terence barely misses you.
You hit Terence.
Terence is lightly wounded.
Terence barely misses you.
You hit Terence but do no damage. Your kick misses Terence.
You headbutt Terence!
Terence is heavily wounded.
Terence closely misses you.
You hit Terence.
Terence is heavily wounded.
Terence hits you with a +4 short sword of draining!
You feel drained.
* * * LOW HITPOINT WARNING * * *
Okay, then.
You closely miss Terence.
Terence is heavily wounded.
You hit Terence but do no damage.
Terence is heavily wounded.
Terence barely misses you.
You hit Terence but do no damage. You headbutt Terence.
Terence is severely wounded.
Terence closely misses you.
You hit Terence.
Terence is severely wounded.
Terence hits you with a +4 short sword of draining!
You die...

#........##...#####†
#####.##.##.........
#.##.###.#####..
####...............
#.....#.........#.#
#.....#.........#.#
#.....#.........#.#
#@[......##....#...
#.@......##....#...
#.)).....##........
#.....#............
#.................#
###.#.............#
#.#..............
#.#...######<....
.......# ... ...#


You could see Terence.

Vanquished Creatures
  Robin (D:2)
  An adder (D:2)
  A dart slug (D:2)
  6 ball pythons
  4 endoplasms
  15 goblins
  8 hobgoblins
  4 jackals (D:1)
  4 kobolds (D:1)
  2 quokkas (D:1)
  2 frilled lizards (D:1)
  4 rats
52 creatures vanquished.

Notes
Turn   | Place    | Note
-------+----------+-------------------------------------------
     0 | D:1      | testman the Draconian Transmuter began the quest for the
                  | Orb.
     0 | D:1      | Reached XP level 1. HP: 16/16 MP: 3/3
   697 | D:1      | Reached XP level 2. HP: 24/24 MP: 3/5
  1299 | D:1      | Reached XP level 3. HP: 29/30 MP: 4/6
  1302 | D:1      | Learned a level 2 spell: Wereblood
  1610 | D:2      | Noticed Robin
  1810 | D:2      | Killed Robin
  1811 | D:2      | Reached skill level 4 in Unarmed Combat
  2072 | D:2      | Reached XP level 4. HP: 32/38 MP: 5/7
  2223 | D:2      | Noticed Terence
  2495 | D:2      | Slain by Terence

Illustrated notes

Levels and vault maps discovered:
D:1:      dpeg_arrival_concentric_ovals, layout_basic, minmay_tetromino_s4
D:2:      layout_basic, minmay_misc_feat_hallway, uniq_jessica, uniq_terence,
          uniq_robin

Skill      XL: |  1  2  3 |
---------------+----------+-----
Fighting       | 2 3 |  3.2
Unarmed Combat | 4 |  4.2
Dodging        | |  1.7
Spellcasting   | |  2.0
Transmutations | |  2.0

Action                   |  1- 3 |  4- 6 || total
-------------------------+-------+-------++-------
Melee: Unarmed           |   104 |    34 ||   138
       Tailslap          |    10 |     2 ||    12
       Kick              |    11 |     6 ||    17
       Headbutt          |     7 |     5 ||    12
 Cast: Beastly Appendage |    20 |     6 ||    26
       Wereblood         |     2 |       ||     2
Armor: Skin              |    44 |     4 ||    48
Dodge: Dodged            |    87 |    14 ||   101

Table legend: (Time is in decaauts)
 A = Elapsed time spent in this place.
 B = Non-inter-level travel time spent in this place.
 C = Inter-level travel time spent in this place.
 D = Time resting spent in this place.
 E = Time spent auto-exploring this place.
 F = Levels seen in this place.
 G = Mean time per level.
                   A        B        C        D        E       F      G
               +--------+--------+--------+--------+--------+-----+--------+
         Total |   2489 |   2458 |     31 |   1025 |   1035 |   2 | 1244.5 |
       Dungeon |   2489 |   2458 |     31 |   1025 |   1035 |   2 | 1244.5 |
               +--------+--------+--------+--------+--------+-----+--------+

Top non-repeatable levels by time:
     D:1: 1992 daAuts
     D:2: 496 daAuts
